AoeStats
← DelhiayJolory

Lombardia

509873729Analyzed
2v2 RM · 3d ago on Sep 28, 2026· 40m 38s· 4 players
Game mode
Random Map
Map size
Medium (4 player)
Population
200
Speed
Normal
Resources
Standard
Victory
Conquest
Starting age
Dark Age
Ending age
Imperial Age
RankedLock teamsTeams togetherTeam positionsShared explorationLock speedFull tech treeHidden civsTurbo modeCheats
Victory
Defeat
🇩🇪 Persians · Germany
979
+18
🇩🇪 Maya · Germany
978
+18
🇨🇳 Tatars · China
1116
-22
🇨🇳 Magyars · China
928
-14
强力枇杷露
6:41 Loom
8:54 Feudal Age
9:44 Double-Bit Axe
13:12 Horse Collar
19:35 Castle Age
17:34 Gold Mining
18:44 Bloodlines
19:20 Fletching
20:09 Padded Archer Armor
21:33 Bow Saw
24:50 Husbandry
27:27 Bodkin Arrow
35:06 Imperial Age
33:25 Wheelbarrow
33:52 Scale Barding Armor
36:09 Chain Barding Armor
35:59 Forging
36:09 Sappers
36:59 Conscription
37:35 Plate Barding Armor
37:08 Murder Holes
37:15 Elite Keshik
38:34 Iron Casting
37:26 Elite Keshik
40:22 Conscription
40:12 Timurid Siegecraft
DelhiayJolory
6:28 Loom
10:57 Feudal Age
11:29 Double-Bit Axe
22:27 Castle Age
20:39 Stone Mining
21:24 Bloodlines
23:22 Scale Barding Armor
23:18 Scale Mail Armor
23:22 Husbandry
22:46 Pikeman
24:09 Bow Saw
26:57 Gold Mining
29:05 Wheelbarrow
32:05 Horse Collar
36:53 Coinage
LeSquirrel
0:27 Loom
10:13 Feudal Age
11:47 Double-Bit Axe
12:07 Gold Mining
19:48 Castle Age
18:45 Horse Collar
19:29 Fletching
19:40 Padded Archer Armor
20:05 Crossbowman
21:14 Bow Saw
22:14 Bodkin Arrow
22:34 Leather Archer Armor
23:13 Ballistics
24:01 Thumb Ring
27:37 Wheelbarrow
27:07 Heavy Plow
28:45 Hand Cart
30:40 Stone Mining
30:54 Elite Skirmisher
33:20 Town Watch
34:10 Town Patrol
35:56 Leather Archer Armor
41:47 Imperial Age
40:11 Murder Holes
40:27 Masonry
Yes
11:11 Feudal Age
11:30 Double-Bit Axe
11:29 Horse Collar
16:17 Castle Age
15:26 Stone Mining
15:31 Loom
16:54 Bow Saw
22:16 Wheelbarrow
23:54 Gold Mining
25:55 Heavy Plow
28:38 Hand Cart
31:24 Scale Barding Armor
33:54 Chain Barding Armor
34:06 Forging
35:28 Husbandry
35:39 Bloodlines
42:18 Imperial Age
39:40 Town Watch
Connection lost

Rejoining the realm…

Still unreachable

The connection could not be restored.

Session expired

The server has moved on; the page needs a fresh start.